 Dungeon Crawl Stone Soup version 0.28.0 (webtiles) character file.

Game seed: 17595134188736430818

1255 fragbeetle the Cleaver (level 8, -1/64 HPs)
             Began as a Hill Orc Fighter on Feb 9, 2022.
             Was a Follower of Uskayaw.
             Slain by a centaur (3 damage)
             ... on level 6 of the Dungeon on Feb 10, 2022.
             The game lasted 00:08:10 (5270 turns).

fragbeetle the Cleaver (Hill Orc Fighter)           Turns: 5270, Time: 00:08:10

Health: -1/64      AC:  9    Str: 21    XL:     8   Next: 51%
Magic:  8/8        EV:  7    Int:  8    God:    Uskayaw [*.....]
Gold:   233        SH:  4    Dex: 10    Spells: 7/7 levels left

rFire   . . .      SeeInvis .   o - +4 whip of Juxtam {vorpal, rPois rN+ Will+ Stlth+}
rCold   . . .      Faith    .   c - +0 buckler
rNeg    + . .      Spirit   .   k - +0 chain mail
rPois   +          Reflect  .   (no helmet)
rElec   .          Harm     .   (no cloak)
rCorr   .          Rampage  .   (no gloves)
Will    +....                   (no boots)
Stlth   ..........              (no amulet)
HPRegen 0.20/turn               (no ring)
MPRegen 0.11/turn               (no ring)

@: no status effects
A: no striking features
a: Renounce Religion, Stomp


You were on level 6 of the Dungeon.
You worshipped Uskayaw.
Uskayaw was noncommittal.
You visited 2 branches of the dungeon, and saw 7 of its levels.
You also visited: Ossuary.

You collected 233 gold pieces.

Inventory:

Hand Weapons
 a - a +0 war axe
 o - the +4 whip of Juxtam (weapon) {vorpal, rPois rN+ Will+ Stlth+}
   (You found it on level 5 of the Dungeon)

   It inflicts extra damage upon your enemies.
   rPois:     It protects you from poison.
   rN:        It protects you from negative energy.
   Will:      It increases your willpower.
   Stlth:     It makes you more stealthy.
 u - a +0 hunting sling
Missiles
 h - 42 sling bullets
 y - 3 poisoned darts (quivered)
Armour
 b - a +0 scale mail
 c - a +0 buckler (worn)
 g - an orb of wrath
 k - a +0 chain mail (worn)
Wands
 p - a wand of flame (23)
Scrolls
 f - 2 scrolls of magic mapping {unknown}
 i - 5 scrolls of identify {unknown}
 n - a scroll of amnesia {unknown}
 q - 4 scrolls of noise {unknown}
 s - 4 scrolls of teleportation {unknown}
 t - a scroll of blinking {unknown}
 v - a scroll of torment {unknown}
 w - a scroll of fear {unknown}
 x - a scroll of immolation {unknown}
Potions
 d - a potion of might
 e - 2 potions of haste {unknown}
 j - 2 potions of heal wounds {unknown}
 l - a potion of mutation {unknown}
 m - a potion of flight {unknown}
 r - 2 potions of berserk rage {unknown}
 z - 2 potions of curing {unknown}
 A - a potion of degeneration {unknown}
 B - a potion of brilliance {unknown}


   Skills:
 - Level 3.6 Fighting
 - Level 9.5(11.1) Axes
 * Level 7.7(9.2) Maces & Flails
 - Level 3.2 Armour
 - Level 3.2 Shields


You had 7 spell levels left.
You didn't know any spells.
Your spell library contained the following spells:

 Spells                   Type           Power      Damage    Failure   Level
 Portal Projectile        Hex/Tloc       0%         N/A       100%        3
 Blade Hands              Tmut           0%         N/A       100%        5
 Excruciating Wounds      Necr           0%         N/A       100%        5


Dungeon Overview and Level Annotations

Branches:
Dungeon (6/15)             Temple (1/1) D:4         Ossuary (visited)

Altars:
Okawaru
Qazlal
Uskayaw
Xom
The Shining One

Shops:
D:5 [

Annotations:
D:5 1 runed translucent door, croobank's ghost, amateur OgAK


Message History

You are too injured to fight recklessly!
The centaur shoots an arrow.
The arrow hits you but does no damage.
A hound comes into view.
The hound barks!
The centaur shoots an arrow.
The arrow hits you.
The centaur shoots an arrow.
The arrow hits you but does no damage.
The centaur shoots an arrow.
The arrow hits you.
* * * LOW HITPOINT WARNING * * *
The centaur unwields a +0 shortbow.
The centaur barely misses you. The centaur kicks you.
* * * LOW HITPOINT WARNING * * *
The hound bites you but does no damage. The centaur hits you.
* * * LOW HITPOINT WARNING * * *
The centaur kicks you but does no damage.
A bullfrog comes into view.
The hound bites you.
* * * LOW HITPOINT WARNING * * *
You whack the centaur!
The centaur is heavily wounded.
The hound bites you but does no damage. The centaur hits you.
* * * LOW HITPOINT WARNING * * *
You block the centaur's attack.
Unknown command.
You closely miss the centaur.
The centaur is heavily wounded.
The centaur hits you.
* * * LOW HITPOINT WARNING * * *
You block the centaur's attack. The hound bites you but does no damage.
Unknown command.
Okay, then.
You hit the centaur.
The centaur is heavily wounded.
The centaur hits you but does no damage.
The centaur closely misses you. The hound bites you but does no damage.
Unknown command.
You hit the centaur.
The centaur is severely wounded.
The centaur hits you but does no damage.
The centaur kicks you.
You die...

#.............
#........#.... ###
#.....)....... ...#
#...<.....#### ....#
#.>.......# ......
#.........#
...F..##.........#
......h..........#
....#.@...........
......c.............
......###+####..#...
#....# #.... ###..
.#. #. #


You could see a bullfrog, a centaur and a hound.

Vanquished Creatures
  Sigmund (D:6)
  A water moccasin (D:4)
  A necrophage (D:5)
  A centaur (D:5)
  A phantom (D:4)
  An elf zombie (Ossuary)
  2 scorpions
  2 water moccasin skeletons (D:5)
  A centaur zombie (Ossuary)
  A human zombie (Ossuary)
  2 hounds (D:4)
  An orc priest (D:4)
  2 iguanas
  An orc wizard (D:5)
  2 mummies (Ossuary)
  A howler monkey zombie (D:5)
  6 adders
  A shadow imp (D:5)
  2 adder zombies (Ossuary)
  An adder skeleton (D:4)
  2 worms
  A dart slug (D:5)
  7 orcs
  7 bats
  5 endoplasms
  9 giant cockroaches
  10 goblins
  8 hobgoblins
  6 kobolds
  5 quokkas
  8 ball pythons
  8 frilled lizards
  3 goblin zombies (Ossuary)
  12 hobgoblin zombies (Ossuary)
  11 kobold zombies (Ossuary)
  4 orc zombies (Ossuary)
  4 rats
  2 rat zombies (Ossuary)
143 creatures vanquished.

Notes
Turn   | Place    | Note
-------+----------+-------------------------------------------
     0 | D:1      | fragbeetle the Hill Orc Fighter began the quest for the
                  | Orb.
     0 | D:1      | Reached XP level 1. HP: 19/19 MP: 1/1
    55 | D:1      | Reached skill level 3 in Axes
    75 | D:1      | Reached XP level 2. HP: 26/26 MP: 2/2
   116 | D:1      | Reached skill level 4 in Axes
   558 | D:1      | Reached XP level 3. HP: 31/31 MP: 3/3
   891 | D:2      | Reached skill level 5 in Axes
  1392 | D:2      | Reached XP level 4. HP: 39/39 MP: 4/4
  1658 | D:3      | Reached skill level 6 in Axes
  1666 | D:3      | You fall into a shaft and drop 2 floors!
  1666 | D:5      | Entered Level 5 of the Dungeon
  1687 | D:5      | Reached skill level 7 in Axes
  1687 | D:5      | Reached XP level 5. HP: 10/45 MP: 5/5
  2099 | D:5      | Found a runed translucent door.
  2187 | D:5      | Reached skill level 8 in Axes
  2187 | D:5      | Reached XP level 6. HP: 45/51 MP: 6/6
  2548 | D:5      | Noticed croobank's ghost (amateur OgAK)
  2591 | D:5      | Noticed a necrophage
  2616 | D:5      | Killed a necrophage
  2617 | D:5      | Reached skill level 9 in Axes
  2738 | D:5      | Identified the +4 whip of Juxtam {vorpal, rPois rN+ Will+
                  | Stlth+}
  2752 | D:5      | Reached skill level 1 in Maces & Flails
  2752 | D:5      | Reached XP level 7. HP: 57/57 MP: 7/7
  2840 | D:5      | Found Detor's Armour Boutique.
  2934 | D:4      | Found a staircase to the Ecumenical Temple.
  2943 | Temple   | Entered the Ecumenical Temple
  2966 | Temple   | Became a worshipper of Uskayaw the Reveller
  3003 | D:4      | Found a sand-covered staircase.
  3014 | Ossuary  | Entered an ossuary
  3030 | Ossuary  | Reached * piety under Uskayaw
  3051 | Ossuary  | Reached ** piety under Uskayaw
  3201 | Ossuary  | Reached *** piety under Uskayaw
  3207 | Ossuary  | Reached **** piety under Uskayaw
  3737 | D:4      | Reached skill level 5 in Maces & Flails
  3800 | D:4      | Reached XP level 8. HP: 64/64 MP: 8/8
  5222 | D:6      | Noticed Sigmund
  5243 | D:6      | Killed Sigmund
  5268 | D:6      | HP: 2/64 [centaur (3)]
  5270 | D:6      | Slain by a centaur

Illustrated notes

Levels and vault maps discovered:
D:1:      lightli_arrival_isolated_outpost, layout_basic, serial_bayou_pond_c
D:2:      layout_loops_ring
D:3:      layout_basic
D:4:      layout_cave_pools, temple_statues, nicolae_ossuary_entry_ruins,
          grunt_ministairs_6
D:5:      layout_basic, ebering_ghost_reflecting_pool, nicolae_stop_n_shop_2
D:6:      layout_rooms, minivault_1, st_stairs_2, minmay_crossroads,
          uniq_sigmund
Temple:   roderic_octagonal_lattice_temple

Skill      XL: |  1  2  3  4  5  6  7  8 |
---------------+-------------------------+-----
Axes           | 3 4 5 7 8 9 |  9.5
Maces & Flails | 1 5 7 |  7.7
Fighting       | |  3.6
Armour         | |  3.2
Shields        | |  3.2

Action                   |  1- 3 |  4- 6 |  7- 9 || total
-------------------------+-------+-------+-------++-------
Melee: War axe           |   103 |    82 |       ||   185
       Whip              |       |     4 |   238 ||   242
  Use: Potion            |       |     1 |       ||     1
 Stab: Paralysed         |       |       |     5 ||     5
Armor: Scale mail        |    39 |       |       ||    39
       Chain mail        |    23 |    56 |   104 ||   183
Dodge: Dodged            |    51 |    30 |    60 ||   141
Block: Buckler           |    23 |    14 |    29 ||    66
